 Dungeon Crawl Stone Soup version 0.31-a0-986-g5e6e4ef867 (webtiles) character file.

Game seed: 16816594423485541954

27095 backslashecho the Severer (level 13, -6/110 (116) HPs)
             Began as a Minotaur Fighter on Nov 11, 2023.
             Was a Believer of Trog.
             Killed from afar by a rime drake (28 damage)
             ... with an icy flash freeze
             ... on level 3 of the Lair of Beasts.
             The game lasted 00:30:15 (15214 turns).

backslashecho the Severer (Minotaur Fighter)       Turns: 15214, Time: 00:30:15

HP:   -6/110 (116)  AC: 23    Str: 25    XL:     13   Next: 2%
MP:   12/12         EV: 14    Int:  4    God:    Trog [**....]
Gold: 880           SH: 11    Dex: 16    Spells: 12/12 levels left

rFire   + + +        b - +9 spear "Yzydghos" {drain, Will+}
rCold   x . .        c - +0 buckler
rNeg    . . .        E - +3 plate armour {rF+}
rPois   .            p - +2 hat
rElec   .            J - +1 cloak
rCorr   .            Q - +1 pair of gloves "Teedott" {Dex+2}
SInv    .            (no boots)
Will    +....        O - amulet of reflection Stlth
                     K - ring of fire
HPRegen 0.38/turn    F - +5 ring of evasion
MPRegen 0.13/turn

%: reflection
@: drained
A: horns 2, retaliatory headbutt, agile 1, fire resistance 1
a: Renounce Religion, Berserk, Trog's Hand


You were on level 3 of the Lair of Beasts.
You worshipped Trog.
Trog was pleased with you.
You visited 3 branches of the dungeon, and saw 16 of its levels.
You also visited: Sewer and Volcano.

You collected 1000 gold pieces.
You spent 120 gold pieces at shops.

Inventory:

Hand Weapons
 a - a +0 war axe
 b - the +9 spear "Yzydghos" (weapon) {drain, Will+}
   (You found it on level 4 of the Dungeon)

   Will+:     It increases your willpower.
Missiles
 e - 2 curare-tipped darts (quivered)
 o - 4 javelins
 q - 18 poisoned darts
 t - a throwing net
Armour
 c - a +0 buckler (worn)
 p - a +2 hat (worn)
 E - a +3 plate armour of fire resistance (worn)
 J - a +1 cloak (worn)
 Q - the +1 pair of gloves "Teedott" (worn) {Dex+2}
   (You found it in a volcano)

   Dex+2:     It affects your dexterity (+2).
Jewellery
 D - a ring of protection from cold
 F - a +5 ring of evasion (right hand)
 K - a ring of fire (left hand)
 O - an amulet of reflection (around neck)
Wands
 s - a wand of flame (23)
 z - a wand of iceblast (11)
 N - a wand of digging (3)
 S - a wand of charming (10)
Scrolls
 g - a scroll of silence
 h - a scroll of poison
 k - 3 scrolls of enchant armour
 l - a scroll of revelation
 m - 2 scrolls of fear
 r - a scroll of brand weapon
 A - 2 scrolls of blinking
 B - 3 scrolls of teleportation
 I - a scroll of fog
 M - a scroll of immolation
Potions
 d - 2 potions of might
 f - 3 potions of attraction
 i - 2 potions of enlightenment
 j - a potion of magic
 n - a potion of experience {unknown}
 u - 5 potions of haste
 v - a potion of cancellation {unknown}
 w - 3 potions of mutation
 x - a potion of brilliance {unknown}
 C - 2 potions of ambrosia {unknown}
 G - a potion of invisibility {unknown}
 H - a potion of berserk rage {unknown}
 L - a potion of resistance
 P - a potion of curing
Miscellaneous
 R - a sack of spiders (inert)


   Skills:
 + Level 11.1 Fighting
 - Level 18.0 Axes
 - Level 2.1(12.0) Polearms
 - Level 6.0 Throwing
 + Level 9.0 Armour
 - Level 5.0 Dodging
 - Level 9.0 Shields
 + Level 5.0 Evocations


You had 12 spell levels left.
You didn't know any spells.
Your spell library contained the following spells:

 Spells                   Type           Power      Damage    Failure   Level
 Lesser Beckoning         Tloc           0%         N/A       100%        2
 Sublimation of Blood     Necr           0%         N/A       100%        2
 Wereblood                Tmut           0%         N/A       100%        2
 Gell's Gravitas          Tloc           0%         N/A       100%        3
 Ozocubu's Armour         Ice            0%         N/A       100%        3
 Teleport Other           Tloc           0%         N/A       100%        3
 Olgreb's Toxic Radiance  Pois           0%         N/A       100%        4
 Passage of Golubria      Tloc           0%         N/A       100%        4
 Silence                  Hex/Air        0%         N/A       100%        5
 Dispersal                Tloc           0%         N/A       100%        6
 Ozocubu's Refrigeration  Ice            0%         4d7       100%        7
 Summon Hydra             Summ           0%         N/A       100%        7
 Discord                  Hex            0%         N/A       100%        8
 Ignition                 Fire           0%         3d3       100%        8
 Lehudib's Crystal Spear  Conj/Erth      0%         10d2      100%        8


Dungeon Overview and Level Annotations

Branches:
Dungeon (12/15)            Temple (1/1) D:7            Lair (3/5) D:9
  Swamp (0/4) Lair:2       Spider (0/4) Lair:3          Orc (0/2) D:11
  Sewer (visited)         Volcano (visited)

Altars:
Ashenzari
Cheibriados
Dithmenos
Elyvilon
Fedhas
Gozag
Hepliaklqana
Kikubaaqudgha
Makhleb
Nemelex Xobeh
Okawaru
Qazlal
Ru
Sif Muna
Trog
Uskayaw
Vehumet
Wu Jian
Xom
Yredelemnul
Zin
The Shining One

Shops:
D:6 *:   D:9 *

Annotations:
D:5 3 runed translucent doors, pigah's ghost, novice OpSh
D:6 3 runed translucent doors, ytrimaz's ghost, amateur OpSh
D:11 3 exclusions
Lair:3 3 runed translucent doors, Nessos; hito's ghost, journeyman FoHu


Innate Abilities, Weirdness & Mutations

You have a pair of horns on your head.
You reflexively headbutt those who attack you in melee.
You are agile. (Dex +4, Str/Int -1)
Your flesh is heat resistant. (rF+)


Message History

* * * LOW HITPOINT WARNING * * *
The water moccasin bites you.
* * * LOW HITPOINT WARNING * * *
You are more poisoned.
The water moccasin poisons you!
The water moccasin completely misses you.
You furiously retaliate!
You headbutt the water moccasin! You block the hell rat's attack.
You take 15 damage, and have 30/114 hp.
You feel better.
You block the water moccasin's attack. x2
The hell rat bites you but does no damage.
You regained 11 hp, and now have 41/114 hp.
Unknown command.
Unknown command.
Your surroundings suddenly seem different. 2 scorpions come into view.
Found 14 gold pieces.
The pharaoh ant gives a chilling moan.
The jumping spider's many legs skitter faintly.
You hear an angry hiss.
A water moccasin comes into view.
The jumping spider leaps!
Unknown command.
Okay, then.
Press: ? - help, v - describe, . - travel A hole to the Spider Nest.
Unknown command.
Unknown command.
Okay, then.
Unknown command.
Unknown command.
Unknown command.
Unknown command.
As you read the scroll of fear, it crumbles to dust.
You assume a fearsome visage.
The scorpion looks frightened!
The jumping spider looks frightened!
The scorpion looks frightened!
The water moccasin looks frightened!
The jumping spider leaps! x2
The pharaoh ant bites you!
* * * LOW HITPOINT WARNING * * *
You feel drained.
* * * LOW HITPOINT WARNING * * *
The jumping spider leaps!
You take 19 damage, and have 22/110 hp.
Blink to where?
Press: ? - help, Dir - move target A rime drake comes into view.
As you read the scroll of blinking, it crumbles to dust.
The rime drake breathes ice at you. The icy flash freeze hits you!!
You feel a painful chill!
You die...

.#..s....#...#
.........B##..k.#.##.#
..s..#..ยง#.......#.#.
... ##............. .
#.............
.......#......#
.......###.....#
..S....... #.....#
.........###..@..#
.........##.....##
#....... ...........
.............#
...##........# ......
##...##..##
......###...###..#
#............#...#


You could see a pharaoh ant and a rime drake (catching breath).

Vanquished Creatures
  An eleionoma (Lair:2)
  4 two-headed ogres
  A fire crab (Volcano)
  A skyshark (Lair:2)
  Pikel (D:4)
  2 lindwurms
  A deep elf pyromancer (D:10)
  2 black mambas
  2 cane toads
  A torpor snail (Lair:2)
  9 komodo dragons
  Psyche (D:8)
  2 trolls (D:10)
  9 blink frogs
  4 dream sheep (Lair:2)
  2 vampires (D:11)
  2 shadows
  49 yaks
  4 fire bats (Volcano)
  2 steam dragons (Volcano)
  Menkaure (D:4)
  11 water moccasins
  A hell hound (Volcano)
  An ice beast (D:7)
  A black bear (D:9)
  6 orc warriors
  2 centaurs (D:10)
  An ogre (D:6)
  2 phantoms
  4 wolves (Lair:3)
  Blork the orc (D:4)
  5 bullfrogs
  5 kobold brigands (Sewer)
  3 necrophages (D:5)
  5 scorpions
  A gnoll sergeant (D:9)
  3 wights (D:9)
  8 howler monkeys
  A vampire bat (D:4)
  A bullfrog zombie (D:5)
  A centaur zombie (D:5)
  4 hounds
  7 orc priests
  A sleepcap (D:6)
  4 iguanas (D:6)
  14 orc wizards
  A hound zombie (D:5)
  Robin (D:2)
  10 gnolls
  A river rat (Sewer)
  8 adders
  A white imp (D:8)
  8 worms
  3 dart slugs
  49 orcs
  8 ball pythons
  7 bats
  2 bat skeletons (D:4)
  3 bat zombies (D:4)
  10 endoplasms
  8 giant cockroaches
  12 goblins
  6 hobgoblins
  4 jackals
  3 quokkas
  2 frilled lizards (D:2)
  11 kobolds
  7 rats
359 creatures vanquished.

Vanquished Creatures (others)
  A hell rat (Lair:3)
1 creature vanquished.

Grand Total: 360 creatures vanquished

Notes
Turn   | Place    | Note
-------+----------+-------------------------------------------
     0 | D:1      | backslashecho the Minotaur Fighter began the quest for the
                  | Orb.
     0 | D:1      | Reached XP level 1. HP: 19/19 MP: 0/0
    22 | D:1      | Reached skill level 3 in Axes
    22 | D:1      | Reached XP level 2. HP: 14/27 MP: 1/1
   671 | D:1      | Reached XP level 3. HP: 33/33 MP: 2/2
  1039 | D:2      | Reached skill level 4 in Axes
  1546 | D:2      | Reached XP level 4. HP: 26/40 MP: 3/3
  1683 | D:2      | Noticed Robin
  1697 | D:2      | Killed Robin
  2189 | D:3      | Reached XP level 5. HP: 47/47 MP: 4/4
  2897 | D:4      | Noticed a lemure
  2897 | D:4      | Noticed a lemure
  2898 | D:4      | Noticed Pikel
  2898 | D:4      | Noticed a lemure
  2898 | D:4      | Noticed a lemure
  2920 | D:4      | Killed Pikel
  2921 | D:4      | Reached skill level 5 in Fighting
  2921 | D:4      | Reached skill level 6 in Axes
  2921 | D:4      | Reached skill level 5 in Shields
  2921 | D:4      | Reached XP level 6. HP: 23/57 MP: 5/5
  2921 | D:4      | Reached XP level 7. HP: 25/62 MP: 6/6
  2935 | D:4      | Reached skill level 7 in Axes
  3133 | D:4      | Noticed Blork the orc
  3145 | D:4      | Killed Blork the orc
  3465 | D:4      | Noticed Menkaure
  3475 | D:4      | Killed Menkaure
  3566 | D:4      | Identified the +9 spear "Yzydghos" {drain, Will+}
  3632 | D:4      | Found a shimmering blue altar of Sif Muna.
  3634 | D:4      | Found an ancient bone altar of Kikubaaqudgha.
  3641 | D:4      | Reached skill level 8 in Axes
  3688 | D:4      | Found a broken altar of Ashenzari.
  3955 | D:4      | Found a sparkling altar of Nemelex Xobeh.
  3967 | D:4      | Found a basalt altar of Yredelemnul.
  4025 | D:4      | Found a snail-covered altar of Cheibriados.
  4363 | D:5      | Entered Level 5 of the Dungeon
  4438 | D:5      | Noticed pigah's ghost (novice OpSh)
  4443 | D:5      | Found a runed translucent gate.
  4443 | D:5      | Found a runed translucent gate.
  4443 | D:5      | Found a runed translucent gate.
  4444 | D:5      | Noticed a vampire
  4474 | D:5      | Reached XP level 8. HP: 63/71 MP: 7/7
  4510 | D:5      | Found a glowing drain.
  4534 | Sewer    | Entered a sewer
  4827 | Sewer    | Gained mutation: Your flesh is heat resistant. (rF+)
                  | [potion of mutation]
  4827 | Sewer    | Gained mutation: You are agile. (Dex +4, Str/Int -1)
                  | [potion of mutation]
  4829 | Sewer    | HP: 3/71 [poisoned by a kobold brigand (curare-tipped
                  | dart)]
  5162 | Sewer    | Reached skill level 9 in Axes
  5699 | D:5      | Found a blossoming altar of Fedhas.
  6291 | D:5      | Reached skill level 10 in Axes
  6421 | D:5      | Reached XP level 9. HP: 62/81 MP: 8/8
  6558 | D:6      | Noticed a kobold demonologist
  6610 | D:6      | Found a runed translucent gate.
  6610 | D:6      | Found a runed translucent gate.
  6611 | D:6      | Found a runed translucent gate.
  6612 | D:6      | Noticed ytrimaz's ghost (amateur OpSh)
  6704 | D:6      | Noticed a walking crystal tome
  6707 | D:6      | Found Poetayza's Book Shop.
  6709 | D:6      | Noticed a walking frostbound tome
  6953 | D:6      | Found Zouck's Fire Supplies.
  7281 | D:6      | Reached skill level 11 in Axes
  7557 | D:7      | Found a staircase to the Ecumenical Temple.
  8070 | D:8      | Found an opulent altar of Gozag.
  8118 | D:8      | Noticed Psyche
  8126 | D:8      | Killed Psyche
  8219 | D:8      | Found a burning altar of Makhleb.
  8235 | D:8      | Reached skill level 12 in Axes
  8480 | D:8      | Found a glowing silver altar of Zin.
  8887 | D:9      | Found a staircase to the Lair.
  8896 | D:9      | Reached skill level 1 in Throwing
  8909 | D:9      | HP: 3/83 [yak (4)]
  8913 | D:9      | Reached XP level 10. HP: 11/91 MP: 9/9
  8922 | D:9      | HP: 1/91 [gnoll sergeant/+1 trident of venom (8)]
  9233 | D:9      | Found Juyciec's General Store.
  9251 | D:9      | Bought a scroll of blinking for 120 gold pieces
  9279 | D:9      | Found a white marble altar of Elyvilon.
  9429 | D:9      | Reached skill level 5 in Armour
  9500 | D:9      | Reached skill level 13 in Axes
  9992 | D:10     | Entered Level 10 of the Dungeon
 10498 | D:10     | Noticed a deep elf pyromancer
 10515 | D:10     | Killed a deep elf pyromancer
 10686 | D:10     | Noticed a two-headed ogre
 10694 | D:10     | Killed a two-headed ogre
 10695 | D:10     | Reached skill level 14 in Axes
 10938 | D:11     | Found a staircase to the Orcish Mines.
 11488 | D:11     | Noticed a two-headed ogre
 11493 | D:11     | Killed a two-headed ogre
 11494 | D:11     | Reached XP level 11. HP: 97/97 MP: 10/10
 11603 | D:11     | Noticed a two-headed ogre
 11613 | D:11     | Killed a two-headed ogre
 11614 | D:11     | Reached skill level 5 in Throwing
 11639 | D:11     | Noticed a two-headed ogre
 11647 | D:11     | Killed a two-headed ogre
 11648 | D:11     | Reached skill level 15 in Axes
 11839 | D:11     | Found a shimmering blue altar of Sif Muna.
 12088 | Lair:1   | Entered Level 1 of the Lair of Beasts
 12288 | Temple   | Entered the Ecumenical Temple
 12300 | Temple   | Became a worshipper of Trog the Wrathful
 12434 | D:9      | Reached skill level 1 in Dodging
 12794 | Lair:1   | Reached skill level 16 in Axes
 13034 | Lair:1   | Reached XP level 12. HP: 88/104 MP: 11/11
 13387 | Lair:1   | Reached * piety under Trog
 13388 | Lair:1   | Reached skill level 17 in Axes
 13483 | Lair:1   | Reached skill level 5 in Dodging
 13838 | Lair:2   | Found a dark tunnel.
 13850 | Lair:2   | Reached skill level 1 in Evocations
 13866 | Volcano  | Entered a volcano
 14014 | Volcano  | Identified the +1 pair of gloves "Teedott" {Dex+2}
 14109 | Lair:2   | Found a staircase to the Swamp.
 14109 | Lair:2   | Noticed an eleionoma
 14120 | Lair:2   | Killed an eleionoma
 14172 | Lair:2   | Reached skill level 18 in Axes
 14184 | Lair:2   | Reached skill level 10 in Fighting
 14184 | Lair:2   | Reached skill level 1 in Polearms
 14489 | Lair:2   | Reached ** piety under Trog
 15021 | Lair:3   | Found a hole to the Spider Nest.
 15120 | Lair:3   | Reached skill level 5 in Evocations
 15120 | Lair:3   | Reached XP level 13. HP: 98/116 MP: 12/12
 15185 | Lair:3   | Found a runed translucent gate.
 15186 | Lair:3   | Found a runed translucent gate.
 15187 | Lair:3   | Found a runed translucent gate.
 15188 | Lair:3   | Noticed hito's ghost (journeyman FoHu)
 15198 | Lair:3   | Noticed Nessos
 15214 | Lair:3   | Killed from afar by a rime drake

Illustrated notes

Levels and vault maps discovered:
D:1:      spicycebolla_arrival_xxxplode, layout_basic
D:2:      layout_basic, minivault_25, st_stairs_4, uniq_robin
D:3:      layout_loops_ring, serial_rivers, chequers_serial_rivers_room_b,
          chequers_serial_rivers_small_b, chequers_serial_rivers_large_b,
          chequers_serial_rivers_micro_a, chequers_serial_rivers_small_3,
          chequers_serial_rivers_small_3
D:4:      layout_loops_corners, mainiacjoe_overflow_alcove_2, ashenzari_altar_1,
          kennysheep_vampire_church, lemuel_tele_altar,
          amethyst_overflow_temple_binary, uniq_pikel, uniq_blork_the_orc,
          uniq_menkaure
D:5:      layout_loops_ring, fedhas_altar_decomposition, gup_sewer_entry_pipe,
          gammafunk_ghost_split
D:6:      layout_loops_corners, serial_shops, nicolae_shop_mannequins,
          gammafunk_ghost_split, minmay_splitting_lines, nicolae_shop_fire_sale
          [nicolae_sub_dead_trees]
D:7:      layout_cave_pools, minmay_temple_entry_sparse_star
D:8:      layout_basic, mainiacjoe_overflow_surrounded_room, kennysheep_mini,
          amcnicky_altar_gilded, uniq_psyche
D:9:      layout_gridville, mainiacjoe_overflow_tiny_flanked,
          due_lair_maze_entry_diamond, serial_shops, shop,
          chequers_serial_rivers_large_a
D:10:     layout_long_grid, serial_bayou_pond_a, grunt_decor_clamped,
          billiards_dpeg
D:11:     minmay_the_grid_triangle_9x9_rhombus_thin_mashed
          [minmay_the_grid_triangle_9x9_corrupted_corridor,
          minmay_the_grid_triangle_9x9_prize_insulated,
          minmay_the_grid_triangle_9x9_zippers_horizontal,
          minmay_the_grid_triangle_9x9_intruding_spiral], layout_gridville,
          david_orc_3, led_sif_pool
D:12:     layout_grid_maze
Temple:   bh_familiar_temple
Lair:1:   layout_cave_pods, beast_lair_carwin_3
Lair:2:   layout_roguey, alex1729_swamp_entry_worm_eleionoma,
          nicolae_volcano_entry_vermiform, minivault_25
Lair:3:   layout_small_grid, nicolae_spider_entry_lesser_pyramids,
          ebering_ghost_rock_garden, uniq_nessos

Skill      XL: |  1  2  3  4  5  6  7  8  9 10 11 12 |
---------------+-------------------------------------+-----
Axes           | 3 4 6 8 10 12 14 16 18 | 18.0
Fighting       | 4 5 6 7 9 11 | 11.1
Shields        | 4 5 6 7 9 |  9.0
Throwing       | 1 4 6 |  6.0
Armour         | 4 7 9 |  9.0
Dodging        | 3 5 |  5.0
Evocations     | 5 |  5.0
Polearms       | 2 |  2.1

Action                     |  1- 3 |  4- 6 |  7- 9 | 10-12 | 13-15 || total
---------------------------+-------+-------+-------+-------+-------++-------
  Melee: War axe           |    84 |    62 |   113 |       |       ||   259
         Headbutt          |     7 |     6 |    54 |   140 |     3 ||   210
         Spear             |       |       |   232 |   672 |    11 ||   915
  Throw: Throwing net      |       |       |     2 |       |       ||     2
         Dart              |       |       |     1 |     2 |       ||     3
  Evoke: Wand              |       |       |     5 |       |     2 ||     7
         Sack of spiders   |       |       |       |       |     1 ||     1
    Use: Scroll            |     1 |     9 |     3 |     6 |     4 ||    23
         Potion            |       |       |     5 |     1 |     1 ||     7
 Armour: Scale mail        |    59 |    47 |   162 |   144 |       ||   412
         Plate armour      |       |       |       |    63 |    10 ||    73
  Dodge: Dodged            |    40 |    24 |    83 |   167 |     4 ||   318
  Block: Buckler           |    18 |    21 |    57 |   103 |     9 ||   208

Table legend: (Time is in decaauts)
 A = Elapsed time spent in this place.
 B = Non-inter-level travel time spent in this place.
 C = Inter-level travel time spent in this place.
 D = Time resting spent in this place.
 E = Time spent auto-exploring this place.
 F = Levels seen in this place.
 G = Mean time per level.
                   A        B        C        D        E       F      G
               +--------+--------+--------+--------+--------+-----+--------+
         Total |  15230 |  13933 |   1297 |   1577 |   9444 |  18 |  846.1 |
       Dungeon |  11347 |  10230 |   1117 |   1103 |   7153 |  12 |  945.6 |
        Temple |     25 |      3 |     22 |      0 |      0 |   1 |   25.0 |
          Lair |   2501 |   2344 |    157 |    229 |   1562 |   3 |  833.7 |
         Sewer |   1167 |   1167 |      0 |    243 |    672 |   1 | 1167.0 |
       Volcano |    189 |    189 |      0 |      0 |     57 |   1 |  189.0 |
               +--------+--------+--------+--------+--------+-----+--------+

Top non-repeatable levels by time:
     D:4: 1553 daAuts
  Lair:1: 1384 daAuts
    D:10: 1275 daAuts
   Sewer: 1167 daAuts
     D:9: 1161 daAuts
     D:8: 1148 daAuts
     D:3: 1071 daAuts
     D:5: 1041 daAuts
     D:6: 1010 daAuts
     D:2: 1009 daAuts
  Lair:2: 952 daAuts
     D:1: 899 daAuts
    D:11: 658 daAuts
     D:7: 506 daAuts
 Volcano: 189 daAuts
